 Dungeon Crawl Stone Soup version 0.27.1-35-g4d5d836560 (webtiles) character file.

Game seed: 10321022695246665513

639 cbfl8 the Skirmisher (level 7, -2/63 HPs)
             Began as a Minotaur Delver on Mar 27, 2022.
             Slain by a vampire mosquito (12 damage)
             ... on level 7 of the Dungeon.
             The game lasted 00:06:35 (2701 turns).

cbfl8 the Skirmisher (Minotaur Delver)              Turns: 2701, Time: 00:06:35

Health: -2/63      AC:  3    Str: 19    XL:     7   Next: 26%
Magic:  6/6        EV: 12    Int:  7    God:
Gold:   56         SH:  0    Dex: 11    Spells: 6/6 levels left

rFire    . . .     SeeInvis .   h - +0 war axe
rCold    . . .     Faith    .   (no shield)
rNeg     . . .     Spirit   .   b - +0 leather armour
rPois    .         Reflect  .   (helmet restricted)
rElec    .         Harm     .   (no cloak)
rCorr    .         Rampage  .   (no gloves)
Will     .....                  (no boots)
Stlth    +++.......             (no amulet)
HPRegen  0.20/turn              (no ring)
MPRegen  0.10/turn              (no ring)

@: flying
A: horns 2, retaliatory headbutt
a: no special abilities


You were on level 7 of the Dungeon.
You visited 2 branches of the dungeon, and saw 4 of its levels.

You collected 56 gold pieces.

Inventory:

Hand Weapons
 a - a +0 hand axe
 h - a +0 war axe (weapon)
Armour
 b - a +0 leather armour (worn)
Wands
 d - a wand of iceblast (7)
 g - a wand of digging (3)
Scrolls
 c - a scroll of fog


   Skills:
 + Level 6.0 Fighting
 + Level 5.3 Axes
 + Level 2.6 Armour
 + Level 3.0 Dodging
 + Level 5.8 Stealth


You had 6 spell levels left.
You didn't know any spells.
Your spell library contained the following spells:

 Spells                   Type           Power      Damage    Failure   Level
 Static Discharge         Conj/Air       0%         N/A       63%         2
 Dispel Undead            Necr           0%         3d6       99%         4
 Sticky Flame             Conj/Fire      0%         2d3       99%         4


Dungeon Overview and Level Annotations

Branches:
Dungeon (7/15)             Temple (1/1) D:6

Altars:
Ashenzari
Cheibriados
Elyvilon
Gozag
Hepliaklqana
Kikubaaqudgha
Makhleb
Nemelex Xobeh
Okawaru
Ru
Trog
Uskayaw
Vehumet
Wu Jian
Xom

Shops:
D:5 [


Innate Abilities, Weirdness & Mutations

You have a pair of horns on your head.
You reflexively headbutt those who attack you in melee.


Message History

The vampire mosquito draws strength from your injuries!
The vampire mosquito bites you!
The vampire mosquito draws strength from your injuries!
The vampire mosquito bites you.
The vampire mosquito draws strength from your injuries!
The vampire mosquito closely misses you.
The vampire mosquito bites you.
The vampire mosquito draws strength from your injuries!
The vampire mosquito bites you.
The vampire mosquito draws strength from your injuries!
There is a stone staircase leading down here.
The vampire mosquito bites you.
The vampire mosquito draws strength from your injuries!
The vampire mosquito misses you. The vampire mosquito barely misses you.
You furiously retaliate!
You headbutt the vampire mosquito! The vampire mosquito bites you!
The vampire mosquito draws strength from your injuries!
You climb downwards.
Found a scroll labelled TIGI DELOWOSHRI.
There is a stone staircase leading up here.
You barely miss the vampire mosquito. You headbutt the vampire mosquito.
The vampire mosquito is moderately damaged.
You hit the vampire mosquito.
The vampire mosquito closely misses you.
The vampire mosquito bites you.
The vampire mosquito draws strength from your injuries!
The vampire mosquito closely misses you.
The vampire mosquito barely misses you. You furiously retaliate!
You headbutt the vampire mosquito.
It was a potion of flight.
You feel very buoyant.
You fly up into the air.
The vampire mosquito bites you.
The vampire mosquito draws strength from your injuries!
The vampire mosquito bites you.
The vampire mosquito draws strength from your injuries!
The vampire mosquito bites you!
* * * LOW HITPOINT WARNING * * *
The vampire mosquito draws strength from your injuries!
The vampire mosquito bites you!
You die...

## ###.#
#####...####..
#..........?..
#.y@y......
#......##.....
≈≈..#..## ...
##. ##. . ..
###


You could see 2 vampire mosquitoes.

Vanquished Creatures
  An ogre (D:5)
  A necrophage (D:5)
  A centaur (D:5)
  A scorpion (D:5)
  A water moccasin zombie (D:5)
  A water moccasin skeleton (D:5)
  3 hounds (D:5)
  2 centaur skeletons (D:5)
  A killer bee zombie (D:5)
  A hound skeleton (D:5)
  3 adders
  A white imp (D:5)
  An adder zombie (D:5)
  3 dart slugs (D:5)
  A quokka (D:5)
22 creatures vanquished.

Notes
Turn   | Place    | Note
-------+----------+-------------------------------------------
     0 | D:5      | cbfl8 the Minotaur Delver began the quest for the Orb.
     0 | D:5      | Reached XP level 1. HP: 19/19 MP: 0/0
    65 | D:5      | Reached skill level 4 in Fighting
    65 | D:5      | Reached XP level 2. HP: 12/27 MP: 1/1
    65 | D:5      | Reached XP level 3. HP: 15/33 MP: 2/2
   393 | D:5      | Reached XP level 4. HP: 38/41 MP: 3/3
   475 | D:5      | Noticed a necrophage
   480 | D:5      | Noticed a sky beast
   487 | D:5      | Killed a necrophage
   488 | D:5      | Reached skill level 5 in Fighting
   488 | D:5      | Reached skill level 5 in Stealth
   488 | D:5      | Reached XP level 5. HP: 37/48 MP: 4/4
   551 | D:5      | Noticed a centaur
   845 | D:5      | Reached XP level 6. HP: 38/56 MP: 5/5
  1172 | D:5      | Reached skill level 1 in Armour
  1968 | D:5      | Reached skill level 5 in Axes
  1968 | D:5      | Reached XP level 7. HP: 22/62 MP: 6/6
  1968 | D:5      | Found Ynerphom's Antique Armour Emporium.
  2582 | D:6      | Found a staircase to the Ecumenical Temple.
  2595 | D:6      | Reached skill level 6 in Fighting
  2600 | Temple   | Entered the Ecumenical Temple
  2689 | D:6      | Noticed a vampire mosquito
  2689 | D:6      | Noticed a vampire mosquito
  2701 | D:7      | Slain by a vampire mosquito

Illustrated notes

Levels and vault maps discovered:
D:5:      layout_cave_pods, serial_shops, shop_fountains, grunt_tough_drop
D:6:      layout_basic, minmay_temple_entry_ruins, moated_statue
D:7:      layout_cave_pools, nicolae_tso_carved_into_rock,
          chequers_serial_rivers_large_b, uniq_duvessa
Temple:   minmay_freezing_vapour_temple

Skill      XL: |  1  2  3  4  5  6  7 |
---------------+----------------------+-----
Fighting       | 4 5 6 |  6.0
Axes           | 3 5 |  5.3
Stealth        | 5 |  5.8
Armour         | 2 |  2.6
Dodging        | 3 |  3.0

Action                   |  1- 3 |  4- 6 |  7- 9 || total
-------------------------+-------+-------+-------++-------
Melee: War axe           |     9 |    51 |    13 ||    73
       Headbutt          |     4 |    11 |     2 ||    17
  Use: Scroll            |       |     2 |     1 ||     3
       Potion            |       |       |     2 ||     2
Armor: Leather armour    |     1 |    27 |     2 ||    30
Dodge: Dodged            |     7 |    48 |    15 ||    70
